 Dungeon Crawl Stone Soup version 0.28.0-53-g5a82cb258f (webtiles) character file.

Game seed: 2706829632794472341

48 SanguineChosen the Chopper (level 3, -3/34 HPs)
             Began as a Minotaur Berserker on Aug 5, 2022.
             Was a Follower of Trog.
             Slain by Grinder (9 damage)
             ... on level 3 of the Dungeon.
             The game lasted 00:05:51 (1557 turns).

SanguineChosen the Chopper (Minotaur Berserker)     Turns: 1557, Time: 00:05:52

Health: -3/34      AC:  6    Str: 23    XL:     3   Next: 50%
Magic:  2/2        EV: 10    Int:  4    God:    Trog [*.....]
Gold:   108        SH:  0    Dex:  9    Spells: 2/2 levels left

rFire   . . .      SeeInvis .   a - +0 hand axe
rCold   . . .      Faith    .   (no shield)
rNeg    . . .      Spirit   .   g - +0 scale mail
rPois   .          Reflect  .   (helmet restricted)
rElec   .          Harm     .   (no cloak)
rCorr   .          Rampage  .   (no gloves)
Will    ++...                   (no boots)
Stlth   ..........              (no amulet)
HPRegen 1.11/turn               (no ring)
MPRegen 0.08/turn               (no ring)

@: strong-willed, regenerating
A: horns 2, retaliatory headbutt
a: Renounce Religion, Berserk


You were on level 3 of the Dungeon.
You worshipped Trog.
Trog was aware of your devotion.
You visited 1 branch of the dungeon, and saw 3 of its levels.

You collected 108 gold pieces.

Inventory:

Hand Weapons
 a - a +0 hand axe (weapon)
Missiles
 d - 7 poisoned darts (quivered)
Armour
 g - a +0 scale mail (worn)
 h - a +0 cloak
Scrolls
 b - a scroll of enchant weapon {unknown}
 c - 2 scrolls of teleportation {unknown}
 f - 2 scrolls of identify {unknown}
Potions
 e - a potion of cancellation {unknown}


   Skills:
 + Level 4.3 Fighting
 + Level 4.5 Axes
 + Level 2.7 Armour
 + Level 2.6 Dodging


You had 2 spell levels left.
You didn't know any spells.
Your spell library was empty.

Dungeon Overview and Level Annotations

Branches:
Dungeon (3/15)

Altars:

Annotations:
D:3 Grinder


Innate Abilities, Weirdness & Mutations

You have a pair of horns on your head.
You reflexively headbutt those who attack you in melee.


Message History

You writhe in agony.
* * * LOW HITPOINT WARNING * * *
You hit Grinder. You headbutt Grinder!
Grinder is severely wounded.
Grinder blinks!
You climb upwards.
There is a stone staircase leading down here.
You start resting.
HP restored.
You climb downwards.
You hear the sound of rushing water.
There is an entrance to a sewer on this level.
Hurry and find it before the portal rusts away!
Level annotation: Grinder You hear the quick rusting of a very distant drain.
There is a stone staircase leading up, spattered with blood here.
You barely miss Grinder. You headbutt Grinder, but do no damage.
Grinder gestures at you. Pain shoots through your body!
You hit Grinder. You headbutt Grinder.
Grinder is lightly wounded.
Grinder gestures at you. Pain shoots through your body!
You hit Grinder. Your headbutt misses Grinder.
Grinder is lightly wounded.
Grinder gestures at you.
You suddenly lose the ability to move!
Grinder hits you!
You writhe in agony.
Grinder hits you.
You can move again.
You hit Grinder. You punch Grinder, but do no damage.
Grinder is moderately wounded.
Grinder hits you!
* * * LOW HITPOINT WARNING * * *
You writhe in agony.
* * * LOW HITPOINT WARNING * * *
Your skin crawls.
You feel strong-willed.
You can no longer call upon Trog for regeneration and willpower.
Grinder hits you!
You die...

#.........# ... #.........#
##########... #.........#
##.......$.... #.........#
#.............
##...).....###.............
+..........................
#......(.....#.............
#...........##.............
...........5@.##.............
.........#.#...............###
.........#.#.....######+#+##
...........#...)........#
........####........###.#
...... #......#<....#.[ ....
+...............
#......#.#......
#......#.#.##...


You could see Grinder.

Vanquished Creatures
  A worm (D:2)
  A dart slug (D:2)
  4 endoplasms (D:1)
  5 giant cockroaches
  7 goblins
  2 hobgoblins
  4 kobolds
  2 quokkas
  3 ball pythons (D:1)
  5 bats
  2 frilled lizards
  3 rats
39 creatures vanquished.

Notes
Turn   | Place    | Note
-------+----------+-------------------------------------------
     0 | D:1      | SanguineChosen the Minotaur Berserker began the quest for
                  | the Orb.
     0 | D:1      | Reached XP level 1. HP: 19/19 MP: 0/0
   331 | D:1      | Reached XP level 2. HP: 27/27 MP: 1/1
   925 | D:2      | Found a faded altar of an unknown god.
   939 | D:2      | Reached XP level 3. HP: 26/33 MP: 2/2
  1089 | D:2      | Reached ** piety under Trog
  1171 | D:2      | You fall into a shaft and drop 1 floor!
  1218 | D:3      | Noticed Grinder
  1252 | D:3      | HP: 1/34 [Grinder (6)]
  1553 | D:3      | Paralysed by Grinder for 3 turns
  1557 | D:3      | Slain by Grinder

Illustrated notes

Levels and vault maps discovered:
D:1:      minmay_arrival_hallway, layout_basic
D:2:      layout_basic, ebering_ecumenical_altar_sacrificial,
          minmay_pentomino_r4
D:3:      layout_basic, gammafunk_ghost_grave, gup_sewer_entry_bowl,
          minmay_box_of_dots, uniq_grinder, uniq_crazy_yiuf_cottage

Skill      XL: |  1  2 |
---------------+-------+-----
Fighting       | 4 |  4.3
Axes           | 4 |  4.5
Armour         | |  2.7
Dodging        | |  2.6

Action                   || total
-------------------------++-------
Melee: Hand axe          ||    83
       Headbutt          ||    14
       Punch             ||     1
Throw: Dart              ||    12
Invok: Trog's Hand       ||     1
Armor: Animal skin       ||     4
       Scale mail        ||    26
Dodge: Dodged            ||    48
